 Dungeon Crawl Stone Soup version 0.30.1 (webtiles) character file.

Game seed: 4016508280068359406

101654 Peloso the Fencer (level 15, -6/141 HPs)
             Began as a Minotaur Fighter on July 1, 2023.
             Was a High Priest of Okawaru.
             Killed by divine providence
             ... invoked by a smoke demon
              (8 damage)
             ... on level 3 of the Abyss.
             The game lasted 01:06:57 (30842 turns).

Peloso the Fencer (Minotaur Fighter)               Turns: 30842, Time: 01:06:58

Health: -6/141     AC: 32    Str: 28    XL:     15   Next: 84%
Magic:  25/25      EV: 11    Int:  5    God:    Okawaru [*****.]
Gold:   831        SH: 23    Dex: 13    Spells: 14/14 levels left

rFire   . . .        c - +11 long sword "Vieklu Kumu" {pain, rElec rPois rN+}
rCold   + + .        d - +0 tower shield
rNeg    + . .        v - +9 ice dragon scales of the Guardian {rF- rC++ Slay+3 SInv}
rPois   +            E - +2 hat {SInv}
rElec   +            Q - +0 cloak {Will+}
rCorr   .            O - +2 pair of gloves {Str+3}
SInv    +            M - -2 pair of boots "Titoob" {rF+ MP+9}
Will    +++..        S - amulet of reflection Stlth
                     P - ring of poison resistance
HPRegen 0.43/turn    T - ring of willpower
MPRegen 0.19/turn

%: reflection
@: on fire, glowing
A: horns 2, retaliatory headbutt
a: Renounce Religion, Heroism, Finesse, Duel


You were on level 3 of the Abyss.
You worshipped Okawaru.
Okawaru was extremely pleased with you.
You visited 5 branches of the dungeon, and saw 24 of its levels.
You visited the Abyss 2 times.

You collected 2807 gold pieces.
You spent 1976 gold pieces at shops.

Inventory:

Hand Weapons
 a - the +9 long sword of Tesopnil {speed, rC+}
   (You found it on level 2 of the Lair of Beasts)

   rC:        It protects you from cold.
 b - the +11 falchion "Nufoon" {drain, rC+++ Str-4 SInv}
   (Okawaru gifted it to you on level 3 of the Lair of Beasts)

   Str:       It affects your strength (-4).
   rC:        It renders you almost immune to cold.
   SInv:      It lets you see invisible.
 c - the +11 long sword "Vieklu Kumu" (weapon) {pain, rElec rPois rN+}
   (Okawaru gifted it to you on level 13 of the Dungeon)

   rElec:     It insulates you from electricity.
   rPois:     It protects you from poison.
   rN:        It protects you from negative energy.
 N - a +2 demon blade of venom
Armour
 d - a +0 tower shield (worn)
 f - the +7 plate armour of Ediqozog {rPois Will- Int+6}
   (You bought it in a shop on level 1 of the Dungeon)

   Int:       It affects your intelligence (+6).
   rPois:     It protects you from poison.
   Will:      It decreases your willpower.
 v - the +9 ice dragon scales of the Guardian (worn) {rF- rC++ Slay+3 SInv}
   (You bought it in a shop on level 2 of the Orcish Mines)

   Slay:      It affects your accuracy & damage with ranged weapons and melee
   (+3).
   rF:        It makes you vulnerable to fire.
   rC:        It greatly protects you from cold.
   SInv:      It lets you see invisible.
 y - +0 swamp dragon scales
 B - the +1 pair of boots "Kappegg" {rN++}
   (Okawaru gifted it to you on level 1 of the Orcish Mines)

   rN:        It greatly protects you from negative energy.
 E - a +2 hat of see invisible (worn)
 M - the -2 pair of boots "Titoob" (worn) {rF+ MP+9}
   (Okawaru gifted it to you on level 5 of the Lair of Beasts)

   rF:        It protects you from fire.
   MP:        It affects your magic capacity (+9).
 O - a +2 pair of gloves of strength (worn)
 Q - a +0 cloak of willpower (worn)
Jewellery
 w - an amulet of magic regeneration
 P - a ring of poison resistance (left hand)
 S - an amulet of reflection (around neck)
 T - a ring of willpower (right hand)
Wands
 u - a wand of paralysis (23)
 x - a wand of digging (12)
 D - a wand of light (30)
 H - a wand of flame (47)
 U - a wand of iceblast (6)
Scrolls
 e - 2 scrolls of enchant weapon
 h - 3 scrolls of poison
 j - 7 scrolls of fear
 k - 7 scrolls of immolation
 l - 3 scrolls of identify
 m - 10 scrolls of teleportation
 o - 6 scrolls of blinking
 q - a scroll of magic mapping
 r - 2 scrolls of fog
 s - 3 scrolls of silence
 F - 6 scrolls of amnesia
 J - 3 scrolls of enchant armour
 R - a scroll of acquirement
Potions
 g - 15 potions of curing
 i - a potion of might
 n - 4 potions of brilliance
 p - 10 potions of haste
 t - a potion of flight
 z - a potion of cancellation
 A - 5 potions of mutation
 C - a potion of magic
 G - a potion of invisibility
 I - a potion of heal wounds
 K - 4 potions of ambrosia
 L - 2 potions of resistance


   Skills:
 + Level 15.2 Fighting
 + Level 6.8(12.8) Short Blades
 + Level 18.1(18.6) Long Blades
 + Level 17.5 Armour
 + Level 5.6 Dodging
 + Level 2.6 Stealth
 + Level 15.4 Shields
 + Level 2.9 Invocations
 + Level 0.2 Evocations


You had 14 spell levels left.
You didn't know any spells.
Your spell library contained the following spells:

 Spells                   Type           Power      Damage    Failure   Level
 Slow                     Hex            0%         N/A       91%         1
 Lesser Beckoning         Tloc           0%         N/A       97%         2
 Static Discharge         Conj/Air       0%         2-2/arc   97%         2
 Confusing Touch          Hex            0%         N/A       99%         3
 Gell's Gravitas          Tloc           0%         N/A       99%         3
 Inner Flame              Hex/Fire       0%         N/A       99%         3
 Teleport Other           Tloc           0%         N/A       99%         3
 Vampiric Draining        Necr           0%         2d6       99%         3
 Airstrike                Air            0%         2d(0-16)  100%        4
 Flame Wave               Conj/Fire      0%         2d4       100%        4
 Passage of Golubria      Tloc           0%         N/A       100%        4
 Sticky Flame             Conj/Fire      0%         2d3       100%        4
 Yara's Violent Unravell  Hex/Tmut       0%         3d3       100%        5
 Tukima's Dance           Hex            Unusable   N/A       N/A         3
 Summon Lightning Spire   Summ/Air       Unusable   N/A       N/A         4

Dungeon Overview and Level Annotations

Branches:
Dungeon (15/15)            Temple (1/1) D:4            Lair (5/5) D:11
 Shoals (0/4) Lair:2       Spider (0/4) Lair:3        Slime (0/5) Lair:5
    Orc (2/2) D:12            Elf (1/3) Orc:2        Vaults (0/5) D:13
 Depths (0/4) D:15

Altars:
Ashenzari
Dithmenos
Fedhas
Gozag
Makhleb
Nemelex Xobeh
Okawaru
Sif Muna
Trog
Uskayaw
Vehumet
Wu Jian
Xom

Shops:
D:1 [   Orc:1 *   Orc:2 :*[([

Annotations:
Orc:1 1 runed translucent door


Innate Abilities, Weirdness & Mutations

You have a pair of horns on your head.
You reflexively headbutt those who attack you in melee.


Message History

The smoke demon is severely wounded.
The thrashing horror tramples you but does no damage.
You block the thrashing horror's attack.
The neqoxec hits you.
* * * LOW HITPOINT WARNING * * *
Unknown command.
You slash the smoke demon!
The smoke demon is almost dead.
You block the thrashing horror's attack.
The thrashing horror tramples you but does no damage.
The thrashing horror closely misses you.
You furiously retaliate!
You headbutt the thrashing horror!
The thrashing horror tramples you but does no damage.
The smoke demon gestures at you. Something smites you!
* * * LOW HITPOINT WARNING * * *
The neqoxec hits you but does no damage.
You slash the neqoxec! You headbutt the neqoxec.
The neqoxec is moderately wounded.
You block the thrashing horror's attack.
The thrashing horror barely misses you. The smoke demon gestures at you.
Something smites you!
* * * LOW HITPOINT WARNING * * *
You slash the neqoxec! You headbutt the neqoxec!
The neqoxec is almost dead.
You block the thrashing horror's attack. x2
The neqoxec hits you but does no damage.
The smoke demon gestures at you.
The sticky flame hits you but does no damage.
You are covered in liquid flames!
You slash the neqoxec!
You kill the neqoxec!
Okawaru accepts your kill.
You are covered in liquid flames!
* * * LOW HITPOINT WARNING * * *
You block the thrashing horror's attack. x2
The smoke demon gestures at you. Something smites you!
You die...

# . .... ......
#..... ###. #.....
.... #....# ......
...... ##
#....##...# . .
...#.#.....#.#. .
.
......X.3#...##...
. ### ..##@..#.# .
.. .##..##..# ....
. # #....#..# .# #
# .
##.........#.#.
#.. ............
##.## .. .. . .# #
..# # . . #.
##..#. .># . .
..#. #3. ... . #


You could see a thrashing horror and a smoke demon.

Vanquished Creatures
  Frances (D:12)
  Gastronok (D:8)
  Kirke (D:12)
  Louise (D:15)
  A dire elephant (D:15)
  The ghost of Huasawuy the Grappler, a journeyman TrHW of Okawaru (Lair:3)
  Josephine (D:15)
  Erolcha (D:11)
  2 hydras
  An ogre mage (D:15)
  6 boulder beetles
  10 centaur warriors
  7 two-headed ogres
  2 dancing weapons (Elf:1)
  4 tengu warriors
  The ghost of destino the Slicer, a novice DsFi of Makhleb (D:9)
  3 orc high priests
  A thrashing horror (Abyss:3)
  Sonja (D:12)
  4 deep elf knights (Elf:1)
  2 skysharks (Lair:3)
  A skeletal warrior (D:13)
  A large abomination (Abyss:3)
  2 deep elf archers (Elf:1)
  A wizard (D:14)
  4 orange crystal statues (Orc:1)
  12 orc knights
  10 deep elf pyromancers
  8 deep elf zephyrmancers
  3 wolf spiders
  6 cyclopes
  4 ugly things
  5 orc sorcerers
  A manticore (D:11)
  3 elephants (Lair:5)
  A merfolk siren (Lair:2)
  Maurice (D:12)
  7 black mambas
  A guardian serpent (Lair:5)
  A torpor snail (shapeshifter) (D:15)
  A torpor snail (Lair:4)
  Maggie (D:7)
  3 gargoyles
  11 cane toads
  2 centaur skeletons (D:13)
  Psyche (D:12)
  A kobold demonologist (D:9)
  A yaktaur (shapeshifter) (D:13)
  7 komodo dragons
  5 yaktaurs (D:13)
  2 tengu conjurers
  6 trolls
  A meliai (shapeshifter) (D:13)
  2 hornets (Lair:5)
  2 polar bears
  11 blink frogs
  A centaur simulacrum (D:15)
  12 slime creatures
  3 shadows
  2 air elementals (Elf:1)
  12 wyverns
  8 wraiths
  3 water elementals
  37 yaks
  5 humans (D:12)
  3 basilisks
  2 hogs (D:12)
  A neqoxec (Abyss:3)
  4 vampire mosquitoes
  A redback (Lair:5)
  4 wargs
  16 water moccasins
  2 acid dragons
  5 sky beasts
  32 orc warriors
  A black bear (Lair:1)
  2 ice beasts
  14 ogres
  3 wolves (Lair:4)
  A boggart (D:13)
  21 centaurs
  3 phantoms
  12 kobold brigands
  6 bullfrogs
  6 scorpions
  13 wights
  18 killer bees
  The ghost of LordXaan the Cutter, a weakling DsGl (D:3)
  A jelly (D:4)
  4 hounds
  25 orc priests
  Crazy Yiuf (D:7)
  3 gnoll boudas
  4 sleepcaps
  2 iguanas
  16 orc wizards
  2 boggart skeletons (D:13)
  15 adders
  15 gnolls
  A shadow imp (D:8)
  3 white imps
  5 dart slugs
  74 orcs
  7 endoplasms
  3 giant cockroaches
  2 goblins
  12 hobgoblins
  7 jackals
  10 kobolds
  2 quokkas
  5 ball pythons
  4 bats
  3 frilled lizards
  2 rats
663 creatures vanquished.

Vanquished Creatures (others)
  A deep elf pyromancer (Elf:1)
  A vampire (D:13)
  A kobold brigand (D:9)
3 creatures vanquished.

Grand Total: 666 creatures vanquished

Notes
Turn   | Place    | Note
-------+----------+-------------------------------------------
     0 | D:1      | Peloso the Minotaur Fighter began the quest for the Orb.
     0 | D:1      | Reached XP level 1. HP: 19/19 MP: 0/0
    41 | D:1      | Found Ulafeta's Antique Armour Emporium.
   215 | D:1      | Reached XP level 2. HP: 13/27 MP: 1/1
   584 | D:1      | Found a faded altar of an unknown god.
   613 | D:1      | Reached XP level 3. HP: 33/33 MP: 2/2
   684 | D:2      | Reached skill level 3 in Long Blades
   732 | D:2      | Reached XP level 4. HP: 36/40 MP: 3/3
   964 | D:2      | Identified the +9 dagger "Uvyrixeam" {venom, Int+4 SInv}
  1079 | D:2      | Reached skill level 4 in Long Blades
  1957 | D:3      | Reached skill level 1 in Dodging
  1957 | D:3      | Reached XP level 5. HP: 43/47 MP: 4/4
  2223 | D:3      | Found a runed translucent door.
  2225 | D:3      | Noticed LordXaan's ghost (weakling DsGl)
  2332 | D:4      | Found a staircase to the Ecumenical Temple.
  2349 | Temple   | Entered the Ecumenical Temple
  2366 | Temple   | Became a worshipper of Warmaster Okawaru
  2426 | D:4      | Noticed an ogre
  2454 | D:5      | Entered Level 5 of the Dungeon
  2607 | D:5      | Reached skill level 1 in Short Blades
  2607 | D:5      | Reached skill level 5 in Long Blades
  2607 | D:5      | Reached skill level 5 in Armour
  2762 | D:5      | Reached XP level 6. HP: 53/53 MP: 5/5
  2765 | D:5      | Noticed a water moccasin
  2776 | D:5      | Killed a water moccasin
  3031 | D:5      | Reached * piety under Okawaru
  3228 | D:5      | Reached skill level 5 in Fighting
  3228 | D:5      | Reached XP level 7. HP: 61/61 MP: 6/6
  3647 | D:6      | Reached skill level 5 in Shields
  3674 | D:6      | Reached ** piety under Okawaru
  3716 | D:6      | Reached XP level 8. HP: 28/69 MP: 4/7
  4183 | D:6      | Found a shimmering blue altar of Sif Muna.
  4184 | D:6      | Found an opulent altar of Gozag.
  4376 | D:6      | Reached skill level 5 in Short Blades
  4950 | D:4      | Reached *** piety under Okawaru
  4951 | D:4      | Reached XP level 9. HP: 75/75 MP: 8/8
  4957 | D:4      | Reached skill level 1 in Invocations
  5422 | D:7      | Found a radiant altar of Vehumet.
  5422 | D:7      | Found a bloodstained altar of Trog.
  5422 | D:7      | Found a burning altar of Makhleb.
  5546 | D:7      | Noticed Maggie
  5556 | D:7      | Killed Maggie
  5656 | D:7      | Found a shimmering altar of Xom.
  5982 | D:7      | Found a runed translucent door.
  5983 | D:7      | Noticed Crazy Yiuf
  6207 | D:7      | Killed Crazy Yiuf
  6208 | D:7      | Reached skill level 6 in Long Blades
  6426 | D:8      | Identified the +1 morningstar "Newtslayer" {antimagic,
                  | Fragile rC+ rN+ Dex+3}
  6536 | D:8      | Reached skill level 10 in Armour
  6649 | D:8      | Reached skill level 7 in Long Blades
  6653 | D:8      | Reached **** piety under Okawaru
  6674 | D:8      | Reached XP level 10. HP: 64/86 MP: 10/10
  7003 | D:8      | Noticed Gastronok
  7234 | D:8      | Killed Gastronok
  7235 | D:8      | Reached skill level 9 in Long Blades
  7235 | D:8      | Reached skill level 1 in Stealth
  7608 | D:9      | Found a runed translucent gate.
  7608 | D:9      | Found a runed translucent gate.
  7608 | D:9      | Found a runed translucent gate.
  7609 | D:9      | Noticed destino's ghost (novice DsFi)
  7910 | D:9      | Reached skill level 10 in Long Blades
  7911 | D:9      | Noticed a two-headed ogre
  7928 | D:9      | Killed a two-headed ogre
  8348 | D:10     | Entered Level 10 of the Dungeon
  9312 | D:10     | Reached ***** piety under Okawaru
  9352 | D:10     | Reached skill level 11 in Long Blades
  9352 | D:10     | Reached XP level 11. HP: 47/94 MP: 11/11
  9689 | D:1      | Bought a tiger eye-encrusted plate armour for 588 gold
                  | pieces
  9689 | D:1      | Identified the +7 plate armour of Ediqozog {rPois Will-
                  | Int+6} (You bought it in a shop on level 1 of the Dungeon)
  9974 | D:11     | Received a gift from Okawaru
 10277 | D:11     | Noticed a centaur warrior
 10281 | D:11     | Noticed Erolcha
 10281 | Abyss:1  | Found a corrupted altar of Lugonu.
 10281 | Abyss:1  | Cast into level 1 of the Abyss (Erolcha)
 10287 | Abyss:1  | Found a corrupted altar of Lugonu.
 10292 | D:11     | Escaped the Abyss
 10292 | D:11     | Noticed a boulder beetle
 10445 | D:11     | Killed a boulder beetle
 11443 | D:11     | Killed Erolcha
 11460 | D:11     | HP: 4/95 [centaur warrior/arrow (4)]
 11464 | D:11     | Killed a centaur warrior
 11465 | D:11     | Reached skill level 12 in Long Blades
 11700 | D:11     | Found a staircase to the Lair.
 12284 | Lair:1   | Entered Level 1 of the Lair of Beasts
 12411 | Lair:1   | Found an ornate altar of the Wu Jian Council.
 12411 | Lair:1   | Found a hide-covered altar of Uskayaw.
 12411 | Lair:1   | Noticed a boulder beetle
 12425 | Lair:1   | Killed a boulder beetle
 12694 | Lair:1   | Received a gift from Okawaru
 13348 | Lair:2   | Reached skill level 13 in Long Blades
 13363 | Lair:2   | Reached XP level 12. HP: 58/106 MP: 12/12
 13826 | Lair:2   | Found a staircase to the Shoals.
 13971 | Lair:2   | Identified the +0 scale mail of Kadurar {Rampage MP+9
                  | Str-5}
 14180 | Lair:2   | Identified the +9 long sword of Tesopnil {speed, rC+}
 14516 | Lair:3   | Reached skill level 10 in Fighting
 14529 | Lair:3   | Identified the +11 falchion "Nufoon" {drain, rC+++ Str-4
                  | SInv} (Okawaru gifted it to you on level 3 of the Lair of
                  | Beasts)
 14529 | Lair:3   | Received a gift from Okawaru
 14552 | Lair:3   | Found a hole to the Spider Nest.
 14803 | Lair:3   | Reached skill level 14 in Long Blades
 14992 | Lair:3   | Reached ****** piety under Okawaru
 15162 | Lair:3   | You fall into a shaft and drop 2 floors!
 15162 | Lair:5   | Entered Level 5 of the Lair of Beasts
 15435 | Lair:5   | Received a gift from Okawaru
 16925 | Lair:3   | Found a runed translucent door.
 16926 | Lair:3   | Noticed Huasawuy's ghost (journeyman TrHW)
 17427 | D:12     | Reached XP level 13. HP: 80/116 MP: 13/13
 17436 | D:12     | Noticed Psyche
 17447 | D:12     | Killed Psyche
 17587 | D:12     | Noticed Kirke
 17587 | D:12     | Noticed Maurice
 17718 | D:12     | Killed Kirke
 17719 | D:12     | Reached skill level 10 in Shields
 17765 | D:12     | Noticed Frances
 17767 | D:12     | Noticed Sonja
 17778 | D:12     | Killed Frances
 17779 | D:12     | Reached skill level 15 in Long Blades
 17791 | D:12     | Killed Sonja
 17863 | D:12     | Received a gift from Okawaru
 18049 | D:12     | Reached skill level 15 in Armour
 18217 | D:12     | Killed Maurice
 18521 | D:12     | Found a staircase to the Orcish Mines.
 18872 | Orc:1    | Entered Level 1 of the Orcish Mines
 18877 | Orc:1    | Found Adifeist's General Store.
 19146 | Orc:1    | Found a runed translucent door.
 19951 | Orc:1    | Identified the +1 pair of boots "Kappegg" {rN++} (Okawaru
                  | gifted it to you on level 1 of the Orcish Mines)
 19951 | Orc:1    | Received a gift from Okawaru
 20169 | Orc:1    | Found the +10 tower shield of Ignorance {rN+ Int-4}
 20175 | Orc:1    | Found a runed translucent door.
 20263 | Orc:2    | Entered Level 2 of the Orcish Mines
 20264 | Orc:2    | Found a staircase to the Elven Halls.
 20526 | Orc:2    | Found Tatyaloc's Vocational Training.
 21105 | Orc:2    | Found Leliu's Antique Armour Emporium.
 21139 | Orc:2    | Paralysed by an orc sorcerer for 4 turns
 21576 | Orc:2    | Reached XP level 14. HP: 67/129 MP: 12/14
 21806 | Orc:2    | Reached skill level 16 in Long Blades
 21922 | Orc:2    | Found Zung's Assorted Antiques.
 21926 | Orc:2    | Found Wualeips's Armour Shop.
 21930 | Orc:2    | Bought a scroll labelled PEYSOO BACO for 17 gold pieces
 21933 | Orc:2    | Found Hyeg's Antique Weapon Shop.
 22790 | D:13     | Identified the +11 long sword "Vieklu Kumu" {pain, rElec
                  | rPois rN+} (Okawaru gifted it to you on level 13 of the
                  | Dungeon)
 22790 | D:13     | Received a gift from Okawaru
 23005 | D:13     | Found a gate to the Vaults.
 24021 | Lair:5   | Found a staircase to the Slime Pits.
 24318 | Lair:5   | Reached skill level 17 in Long Blades
 24806 | Lair:5   | Identified the -2 pair of boots "Titoob" {rF+ MP+9}
                  | (Okawaru gifted it to you on level 5 of the Lair of Beasts)
 24806 | Lair:5   | Received a gift from Okawaru
 25502 | Lair:5   | Identified a scroll of acquirement
 26400 | D:14     | Reached skill level 5 in Dodging
 26730 | D:15     | Entered Level 15 of the Dungeon
 26731 | D:15     | Identified the +2 scale mail "Paephy" {rF+ Dex+2}
 26736 | D:15     | Noticed Louise
 26760 | D:15     | Killed Louise
 26761 | D:15     | Reached XP level 15. HP: 123/139 MP: 16/16
 26891 | D:15     | Found a staircase to the Depths.
 27264 | D:15     | Noticed Josephine
 27273 | D:15     | Killed Josephine
 28766 | D:3      | Killed LordXaan's ghost
 28956 | D:9      | Killed destino's ghost
 29338 | Lair:3   | Killed Huasawuy's ghost
 29522 | Orc:1    | Bought a wand of digging (1) for 58 gold pieces
 29597 | Orc:1    | Identified the +0 pair of gloves of Broken Taboos {Dex+3}
                  | (Okawaru gifted it to you on level 1 of the Orcish Mines)
 29597 | Orc:1    | Received a gift from Okawaru
 29598 | Orc:1    | Reached skill level 15 in Fighting
 29837 | Orc:2    | Bought the +9 ice dragon scales of the Guardian {rF- rC++
                  | Slay+3 SInv} for 1313 gold pieces
 29943 | Elf:1    | Entered Level 1 of the Elven Halls
 30326 | Elf:1    | Reached skill level 15 in Shields
 30378 | Elf:1    | Reached skill level 18 in Long Blades
 30388 | Elf:1    | Paralysed by an air elemental for 1 turns
 30735 | Elf:1    | Paralysed by an air elemental for 1 turns
 30788 | Elf:1    | Noticed an Executioner
 30802 | Abyss:3  | Cast into level 3 of the Abyss (a deep elf demonologist)
 30840 | Abyss:3  | HP: 5/141 [smoke demon/divine providence (12)]
 30842 | Abyss:3  | HP: 2/141 [burnt (3)]
 30842 | Abyss:3  | Killed from afar by a smoke demon

Illustrated notes

Levels and vault maps discovered:
D:1:      reono_arrival_mine, layout_basic, basic_ecumenical_altar,
          serial_shops, shop
D:2:      layout_loops_ring, minmay_tetromino_t2
D:3:      layout_loops_ring, ebering_ghost_inner_flame, hangedman_feature_mirror
D:4:      layout_basic, minmay_temple_entry_offerings
D:5:      layout_basic
D:6:      wad_river_or_something, layout_basic, mainiacjoe_overflow_divided_tiny
D:7:      layout_basic, mainiacjoe_overflow_tiny_flanked,
          chequers_temple_overflow_statue_of_worship, uniq_crazy_yiuf_cottage,
          uniq_maggie
D:8:      layout_loops_ring, corexii_leaking_fountain, serial_bayou_pond_a,
          due_unseen_surprise, uniq_gastronok
D:9:      layout_rooms, special_room [special_room_orc],
          gammafunk_ghost_nasty_kobolds
D:10:     layout_roguey, moated_statue
D:11:     layout_layer_cave, erik_lair_orcish_takeover, uniq_erolcha
D:12:     layout_small_grid, david_orc_1_choice, uniq_sonja, uniq_frances,
          uniq_maurice, uniq_psyche, uniq_kirke
D:13:     wad_woods_structure_01, layout_irregular_city,
          hangedman_vaults_entry_quadrant_bands
D:14:     layout_loops_ring
D:15:     hangedman_depths_entry_try_elsewhere_first, layout_irregular_city,
          serial_park_tiny_2, uniq_louise, uniq_josephine
Temple:   nicolae_temple_elliptical
Lair:1:   layout_loops_ring, nzn_masters_of_martial_movement
Lair:2:   layout_cave_pods, minmay_shoals_entry_lonely_mermaid,
          chequers_serial_rivers_micro_d, serial_bayou_pond_a
Lair:3:   layout_hall_layers, dummy_spider_entry, gammafunk_ghost_grave,
          serial_bayou_shore_a
Lair:4:   layout_gridlike
Lair:5:   hangedman_lair_tendril_chambers, layout_gridlike, slime_entry_1
Orc:1:    layout_caves, special_room [special_room_orc], serial_shops, shop,
          chequers_guarded_unrand_ignorance
Orc:2:    st_orc_elflike, layout_diamond_mine, nicolae_shop_vocational
Elf:1:    minmay_elf_arrival_summoners, layout_loops_cross, serial_shops,
          nicolae_shop_statue_plus, hangedman_elf_represent, minivault_15,
          eino_tiny_chamber, lemuel_flamethrower_3
Abyss:3:  base: D:4, guppyfry_abyss_exit_glass_guarded

Skill      XL: |  1  2  3  4  5  6  7  8  9 10 11 12 13 14 15 |
---------------+----------------------------------------------+-----
Armour         | 4 5 6 8 10 11 13 14 15 16 17 | 17.5
Fighting       | 4 5 6 7 8 9 11 13 14 15 | 15.2
Long Blades    | 3 4 5 7 11 13 14 15 17 18 | 18.1
Shields        | 4 5 6 7 8 9 11 12 15 | 15.4
Dodging        | 1 2 3 4 5 |  5.6
Short Blades   | 1 2 3 6 |  6.8
Invocations    | 1 2 |  2.9
Stealth        | 1 2 |  2.6
Evocations     | |  0.2

Action                     |  1- 3 |  4- 6 |  7- 9 | 10-12 | 13-15 || total
---------------------------+-------+-------+-------+-------+-------++-------
  Melee: Long sword        |    59 |    34 |   114 |   401 |  1490 ||  2098
         Headbutt          |    11 |    22 |    60 |   189 |   463 ||   745
         Dagger            |       |    77 |   185 |       |       ||   262
         Demon blade       |       |       |       |   211 |       ||   211
         Falchion          |       |       |       |    89 |   140 ||   229
 Invoke: Heroism           |       |       |     7 |     5 |    25 ||    37
  Evoke: Wand              |       |       |       |     1 |     2 ||     3
    Use: Scroll            |       |       |     9 |    10 |    11 ||    30
         Potion            |       |       |       |     5 |     5 ||    10
   Stab: Paralysed         |       |       |       |       |     1 ||     1
 Armour: Scale mail        |    25 |    42 |    13 |       |       ||    80
         Plate armour      |       |       |   104 |   400 |   762 ||  1266
         Ice dragon scales |       |       |       |       |   104 ||   104
  Dodge: Dodged            |    30 |    39 |    71 |   228 |   523 ||   891
  Block: Buckler           |    16 |    29 |    57 |   183 |   226 ||   511
         Kite shield       |       |       |       |       |    78 ||    78
         Tower shield      |       |       |       |       |   599 ||   599
         Reflection        |       |       |       |       |    27 ||    27
